 Dungeon Crawl Stone Soup version 0.29-a0-284-gf9362112df (webtiles) character file.

Game seed: 8507382079323460008

1893 siradein the Arsonist (level 8, -5/50 (62) HPs)
             Began as a Purple Draconian Fire Elementalist on Mar 21, 2022.
             Slain by an orc warrior
             ... wielding a +2 war axe of draining
              (9 damage)
             ... on level 5 of the Dungeon.
             The game lasted 00:28:22 (6601 turns).

siradein the Arsonist (DrFE)                        Turns: 6601, Time: 00:28:23

HP:   -5/50 (62)    AC:  9    Str: 11    XL:     8   Next: 93%
MP:   5/17          EV: 12    Int: 18    God:
Gold: 313           SH:  0    Dex: 11    Spells: 6/19 levels left

rFire   . . .      SeeInvis .   x - +4 quarterstaff (chaos)
rCold   + . .      Faith    .   (shield currently unavailable)
rNeg    . . .      Spirit   .   (body armour unavailable)
rPois   .          Reflect  .   (helmet restricted)
rElec   .          Harm     .   w - +1 cloak
rCorr   .          Rampage  .   t - +0 pair of gloves
Will    ++...                   (no boots)
Stlth   ++........              (no amulet)
HPRegen 0.16/turn               m - ring of protection from cold
MPRegen 0.15/turn               f - ring of willpower

@: heavily drained
A: breathe power, AC +6, unfitting armour, cold-blooded
a: Breathe Dispelling Energy


You were on level 5 of the Dungeon.
You visited 1 branch of the dungeon, and saw 6 of its levels.

You collected 313 gold pieces.

Inventory:

Hand Weapons
 l - a +2 mace of holy wrath
 x - a +4 quarterstaff of chaos (weapon)
Armour
 t - a +0 pair of gloves (worn)
 w - a +1 cloak (worn)
Magical Staves
 k - a staff of cold
Jewellery
 b - a ring of positive energy
 f - a ring of willpower (right hand)
 j - a ring of wizardry
 m - a ring of protection from cold (left hand)
 o - a ring of resist corrosion
Scrolls
 g - a scroll of torment {unknown}
 h - a scroll of blinking {unknown}
 n - 2 scrolls of immolation
 p - a scroll of teleportation {unknown}
 q - a scroll of enchant armour
 u - a scroll of acquirement {unknown}
 v - a scroll of amnesia {unknown}
Potions
 a - 2 potions of magic
 c - 2 potions of curing
 d - a potion of heal wounds
 i - 3 potions of brilliance
 r - 3 potions of lignification {unknown}
 s - 2 potions of mutation {unknown}


   Skills:
 + Level 2.9 Fighting
 + Level 3.2 Dodging
 - Level 1.7 Stealth
 + Level 6.3 Spellcasting
 + Level 3.0 Conjurations
 + Level 3.0 Hexes
 * Level 8.3 Fire Magic
 + Level 3.0 Evocations


You had 6 spell levels left.
You knew the following spells:

 Your Spells              Type           Power      Damage    Failure   Level
a - Foxfire               Conj/Fire      100%       2x1d9     1%          1
b - Scorch                Fire           70%        2d9       1%          2
c - Inner Flame           Hex/Fire       26%        N/A       3%          3
d - Conjure Flame         Conj/Fire      26%        6-21      3%          3
e - Flame Wave            Conj/Fire      26%        2d7       11%         4

Your spell library contained the following spells:

 Spells                   Type           Power      Damage    Failure   Level
 Confusing Touch          Hex            16%        N/A       10%         3
 Dazzling Flash           Conj/Hex       32%        N/A       10%         3
 Apportation              Tloc           10%        N/A       12%         1
 Silence                  Hex/Air        5%         N/A       86%         5
 Yara's Violent Unravell  Hex/Tmut       5%         3d4       86%         5
 Agony                    Necr           5%         N/A       97%         5
 Alistair's Intoxication  Tmut/Pois      3%         N/A       97%         5
 Enfeeble                 Hex            8%         N/A       100%        7


Dungeon Overview and Level Annotations

Branches:
Dungeon (6/15)
 Temple: D:4-7

Altars:


Innate Abilities, Weirdness & Mutations

You can breathe bolts of dispelling energy.
Your rich purple scales are hard. (AC +6)
You cannot fit into any form of body armour.
You are cold-blooded and may be slowed by cold attacks.


Message History

The orc warrior is engulfed in blazing flames.
Flame seeps out of the orc warrior.
Casting: Foxfire (safe; 1% risk of failure)
Confirm with . or Enter, or press ? or * to list all spells.
Flames lash the orc warrior but do no damage.
Your magical contamination has completely faded away.
Casting: Scorch (safe; 1% risk of failure)
Confirm with . or Enter, or press ? or * to list all spells.
Flames lash the orc warrior but do no damage.
The orc warrior attacks as you move away!
The orc warrior hits you with a +2 war axe of draining!!
You feel drained.
As you read the scroll labelled DINEBO DOUHUE, it crumbles to dust.
It is a scroll of enchant armour.
Your +0 cloak glows green for a moment.
The orc warrior hits you but does no damage.
You feel drained.
The orc warrior attacks as you move away!
The orc warrior hits you with a +2 war axe of draining!
You feel drained.
There is an open door here.
The orc warrior attacks as you move away!
The orc warrior hits you with a +2 war axe of draining!
You feel drained.
There is a stone staircase leading up here.
The orc warrior hits you with a +2 war axe of draining!
* * * LOW HITPOINT WARNING * * *
You feel drained.
* * * LOW HITPOINT WARNING * * *
You climb upwards.
There is a stone staircase leading down here.
You feel much better.
The orc warrior hits you with a +2 war axe of draining!!
* * * LOW HITPOINT WARNING * * *
You feel drained.
* * * LOW HITPOINT WARNING * * *
As you read the scroll labelled BOWEID WORA, it crumbles to dust.
You speak a Word of immense power!
It was a scroll of holy word.
The orc warrior hits you with a +2 war axe of draining!
You die...

..####.##.......#######.##.......
### #.......##.# #.##.##.### #
#.#####.##.# #.##.##.# #
#.......##.# #.......# #
##########.# ###...### # #.#
#...# # ############.# #...# # #
#.....#......#########...##### #
#.....#.#....@o.##...........[ #
#..........#.)#............).< #
#.....#.#..#..#.##............ #
#.....#.......#)#####....#.#.. #
#########..#.##.# #....#.#.# ##
#..#.##.# #....#.#.# .#########
#.......#####....#.#.# .#.......#
##.#.##.........##.#.# .#.#####.#
#.#........#......#.#


You could see an orc warrior (inner flame).

Vanquished Creatures
  Menkaure (D:4)
  Duvessa (D:4)
  2 water moccasins
  2 ice beasts (D:6)
  A sky beast (D:5)
  A black bear (D:4)
  An ogre (D:6)
  A phantom (D:5)
  Blork the orc (D:6)
  A bullfrog (D:6)
  A necrophage (D:5)
  Dowan (D:4)
  4 killer bees
  A howler monkey (D:5)
  A gnoll shaman (D:6)
  2 hounds
  2 jellies
  An orc priest (D:3)
  Crazy Yiuf (D:3)
  3 orc wizards
  5 gnolls (D:6)
  4 adders
  4 white imps
  An ufetubus (D:4)
  2 worms
  2 dart slugs (D:2)
  19 orcs
  8 ball pythons
  8 endoplasms
  A giant cockroach (D:4)
  2 hobgoblins
  2 jackals (D:3)
  3 quokkas
  4 bats (D:2)
  3 frilled lizards
  10 goblins
  7 kobolds
  3 rats
117 creatures vanquished.

Vanquished Creatures (others)
  190 foxfires
190 creatures vanquished.

Grand Total: 307 creatures vanquished

Notes
Turn   | Place    | Note
-------+----------+-------------------------------------------
     0 | D:1      | siradein the Draconian Fire Elementalist began the quest
                  | for the Orb.
     0 | D:1      | Reached XP level 1. HP: 14/14 MP: 3/3
   263 | D:1      | Found a faded altar of an unknown god.
   425 | D:1      | Reached XP level 2. HP: 14/20 MP: 5/5
   428 | D:1      | Learned a level 2 spell: Scorch
  1400 | D:2      | Reached XP level 3. HP: 26/26 MP: 4/6
  1548 | D:2      | Reached skill level 4 in Fire Magic
  1781 | D:2      | Learned a level 3 spell: Inner Flame
  2165 | D:3      | Reached XP level 4. HP: 30/33 MP: 4/8
  2689 | D:3      | Reached skill level 5 in Fire Magic
  2943 | D:3      | Found a runed translucent door.
  2944 | D:3      | Noticed Crazy Yiuf
  3100 | D:4      | Reached XP level 5. HP: 38/38 MP: 5/9
  3157 | D:4      | Noticed Duvessa
  3545 | D:4      | Noticed a black bear
  3556 | D:4      | Killed a black bear
  3557 | D:4      | Reached skill level 6 in Fire Magic
  3557 | D:4      | Reached XP level 6. HP: 45/45 MP: 1/11
  3766 | D:4      | Noticed Menkaure
  3768 | D:4      | Killed Menkaure
  3875 | D:4      | Noticed Dowan
  3877 | D:4      | Killed Duvessa
  3878 | D:4      | Your scales start taking on a rich purple colour.
  3878 | D:4      | Reached skill level 5 in Spellcasting
  3878 | D:4      | Reached XP level 7. HP: 50/50 MP: 8/14
  3881 | D:4      | Killed Dowan
  3882 | D:4      | Reached skill level 7 in Fire Magic
  3886 | D:4      | Learned a level 3 spell: Conjure Flame
  3891 | D:4      | Learned a level 4 spell: Flame Wave
  4277 | D:5      | Entered Level 5 of the Dungeon
  4534 | D:5      | Reached skill level 1 in Evocations
  4579 | D:5      | Reached skill level 1 in Fighting
  4579 | D:5      | Reached skill level 1 in Hexes
  4832 | D:5      | Reached XP level 8. HP: 54/59 MP: 5/16
  5655 | D:3      | Killed Crazy Yiuf
  6023 | D:6      | Reached skill level 8 in Fire Magic
  6219 | D:6      | Noticed Blork the orc
  6227 | D:6      | Killed Blork the orc
  6601 | D:5      | Slain by an orc warrior

Illustrated notes

Levels and vault maps discovered:
D:1:      saegor_arrival_simple_d, layout_rooms,
          dreamdust_ecumenical_altar_grove
D:2:      layout_basic, amcnicky_mini_rare_corridor_liquid
D:3:      layout_loops_ring, st_stairs_8, dk_vineyard_1, uniq_crazy_yiuf_cottage
D:4:      layout_rooms, uniq_menkaure, uniq_duvessa
D:5:      layout_loops_cross, small_statue_intersection
D:6:      layout_gridville, fedhas_altar_decomposition, kennysheep_nub,
          minmay_circle_x, uniq_blork_the_orc

Skill      XL: |  1  2  3  4  5  6  7  8 |
---------------+-------------------------+-----
Fire Magic     | 4 5 6 7 8 |  8.3
Spellcasting   | 3 5 6 |  6.3
Dodging        | 2 3 |  3.2
Evocations     | 1 3 |  3.0
Fighting       | 1 2 |  2.9
Hexes          | 1 3 |  3.0
Conjurations   | 3 |  3.0
Stealth        | |  1.7

Action                   |  1- 3 |  4- 6 |  7- 9 || total
-------------------------+-------+-------+-------++-------
Melee: Unarmed           |    19 |       |       ||    19
       Tailslap          |    13 |     3 |       ||    16
       Rapier            |    53 |    10 |       ||    63
       Short sword       |       |    16 |     3 ||    19
 Cast: Foxfire           |    44 |    28 |    40 ||   112
       Scorch            |     1 |     7 |    32 ||    40
       Inner Flame       |       |     3 |    26 ||    29
       Flame Wave        |       |       |     1 ||     1
 Abil: Breathe Dispellin |       |       |     8 ||     8
  Use: Scroll            |     1 |     3 |     3 ||     7
       Potion            |       |       |     1 ||     1
 Stab: Sleeping          |       |     1 |       ||     1
Armor: Skin              |    39 |    14 |    14 ||    67
Dodge: Dodged            |    59 |    14 |    16 ||    89

Table legend: (Time is in decaauts)
 A = Elapsed time spent in this place.
 B = Non-inter-level travel time spent in this place.
 C = Inter-level travel time spent in this place.
 D = Time resting spent in this place.
 E = Time spent auto-exploring this place.
 F = Levels seen in this place.
 G = Mean time per level.
                   A        B        C        D        E       F      G
               +--------+--------+--------+--------+--------+-----+--------+
         Total |   6617 |   6426 |    191 |    640 |   4676 |   6 | 1102.8 |
       Dungeon |   6617 |   6426 |    191 |    640 |   4676 |   6 | 1102.8 |
               +--------+--------+--------+--------+--------+-----+--------+

Top non-repeatable levels by time:
     D:5: 1608 daAuts
     D:3: 1519 daAuts
     D:4: 1108 daAuts
     D:2: 1091 daAuts
     D:1: 811 daAuts
     D:6: 478 daAuts
